Map: Cerulean Fall LE

Players

Creator - Winner!

  • Race: Protoss Protoss
  • League: Master
  • Spawn Location: 7:00

Denver

  • Race: Zerg Zerg
  • League: Master
  • Spawn Location: 1:00

Event: HomeStory Cup XVIII

VOD

Have the link to the VOD?

Description

Time

  • Played on: Nov. 22, 2018, 12:02 p.m.
  • Length: 15:14

All games in this series

Show
View Real Time Build Order
Export as new Build Order

Creator Protoss - Winner!

Build Orders: 1 Gate Expand, Oracle Opening, Phoenix Opening 

Get SALT Encoding   

  12  0:00  Probe  
  13  0:12  Probe  
  14  0:19  Pylon  
  14  0:24  Probe  
  15  0:33  Probe  
  15  0:41  Gateway, Probe  
  16  0:47  Assimilator  
  17  0:51  Probe  
  18  1:03  Probe  
  19  1:15  Probe  
  20  1:24  Nexus  
  20  1:37  Probe, Cybernetics Core  
  21  1:44  Assimilator  
  21  1:50  Probe  
  21  1:54  Pylon  
  22  2:02  Probe  
  22  2:04  Adept  
  23  2:14  Probe  
  26  2:18  Stargate  
  26  2:25  Probe, Warp Gate  
  27  2:30  Adept  
  27  2:32  Probe  
  27  2:34  Probe  
  30  2:40  Probe  
  30  2:42  Probe  
  31  2:50  Probe  
  33  2:52  Probe  
  33  2:57  Oracle  
  38  3:06  Probe x2  
  40  3:15  Pylon  
  40  3:20  Probe x2  
  42  3:27  Assimilator  
  42  3:29  Phoenix  
  42  3:30  Assimilator  
  42  3:32  Probe x2  
  44  3:35  Adept  
  44  3:38  Pylon  
  48  3:44  Probe x2  
  50  3:51  Stargate  
  50  3:53  Probe  
  50  3:56  Probe  
  52  4:09  Shield Battery  
  54  4:10  Oracle, Probe  
  54  4:11  Gateway  
  54  4:13  Probe  
  56  4:18  Pylon x2  
  57  4:29  Pylon x2, Oracle  
  49  4:31  Adept  
  54  4:52  Adept  
  54  5:04  Probe  
  54  5:05  Probe  
  54  5:07  Pylon  
  59  5:12  Adept  
  59  5:13  Probe  
  58  5:17  Probe  
  60  5:21  Probe  
  60  5:28  Phoenix x2  
  65  5:29  Probe  
  65  5:31  Probe  
  67  5:37  Gateway  
  67  5:38  Gateway  
  67  5:41  Probe  
  68  5:43  Probe  
  68  5:46  Sentry  
  71  6:00  Pylon x2  
  71  6:06  Pylon  
  71  6:18  Phoenix x2  
  75  6:27  Pylon x2  
  75  6:35  Zealot  
  69  6:41  Zealot x2  
  69  6:43  Oracle  
  69  6:45  Gateway  
  69  6:46  Oracle  
  74  6:53  Probe x2  
  71  6:59  Sentry  
  71  7:00  Adept  
  71  7:02  Probe x2  
  71  7:03  Adept  
  71  7:05  Adept  
  77  7:10  Probe x2  
  79  7:20  Oracle  
  79  7:21  Sentry  
  84  7:26  Probe  
  84  7:27  Probe  
  78  7:34  Probe  
  78  7:36  Probe  
  80  7:46  Probe  
  80  7:48  Probe  
  80  7:51  Nexus  
  82  7:52  Pylon  
  82  7:59  Probe  
  82  8:00  Probe  
  84  8:06  Phoenix  
  84  8:09  Pylon  
  84  8:10  Phoenix  
  88  8:16  Pylon  
  88  8:17  Shield Battery  
  88  8:21  Zealot  
  88  8:29  Probe  
  88  8:30  Probe  
  90  8:40  Probe  
  88  8:43  Phoenix x2  
  88  8:44  Probe  
  94  8:48  Twilight Council  
  94  8:49  Forge, Adept x2  
  94  8:52  Adept  
  94  8:54  Adept  
  102  8:57  Probe  
  102  9:00  Probe  
  103  9:03  Probe  
  105  9:10  Probe  
  105  9:14  Probe  
  105  9:15  Probe  
  102  9:36  Probe x3  
  102  9:37  Charge, Protoss Ground Weapons Level 1  
  89  9:41  Robotics Facility x2  
  89  9:43  Zealot, Sentry  
  93  9:46  Zealot  
  93  9:47  Oracle  
  95  9:55  Zealot  
  97  10:06  Probe  
  97  10:07  Probe x2  
  97  10:13  Zealot x3  
  96  10:17  Zealot  
  96  10:18  Gateway  
  96  10:19  Gateway  
  93  10:28  Oracle  
  95  10:33  Photon Cannon  
  95  10:34  Zealot, Sentry  
  99  10:37  Adept  
  93  10:44  Probe  
  93  10:45  Probe x2  
  93  10:48  Adept  
  98  10:55  Assimilator x2  
  98  10:56  Pylon  
  98  10:57  Sentry  
  98  10:58  Sentry  
  98  11:03  Zealot  
  102  11:10  Zealot  
  102  11:12  Protoss Ground Weapons Level 2  
  102  11:14  Probe  
  102  11:15  Probe x2  
  105  11:20  Warp Prism, Templar Archives  
  107  11:34  Gateway  
  107  11:35  Gateway  
  107  11:40  Probe x3  
  107  11:42  Immortal  
  114  11:50  Immortal  
  114  11:58  Pylon  
  114  12:04  Zealot x3  
  114  12:05  Zealot x3  
  122  12:17  Gateway  
  122  12:18  Gateway  
  122  12:23  Psionic Storm  
  122  12:28  High Templar x4  
  130  12:35  Immortal  
  130  12:44  Immortal  
  134  12:54  Nexus, Zealot x2  
  134  12:57  Pylon x2  
  138  13:06  Zealot  
  138  13:07  Pylon  
  138  13:09  Dark Shrine  
  138  13:11  Pylon  
  140  13:18  Zealot  
  142  13:26  Immortal  
  142  13:27  Immortal  
  142  13:31  Zealot  
  152  13:44  High Templar x2  
  156  13:48  Photon Cannon  
  156  13:49  Shield Battery  
  156  13:59  Probe x2  
  156  14:00  Probe  
  156  14:02  Photon Cannon  
  159  14:04  Shield Battery  
  159  14:05  Assimilator  
  157  14:11  Probe  
  157  14:12  Assimilator  
  157  14:16  High Templar x4  
  166  14:20  Archon  
  166  14:21  Archon  
  166  14:22  Dark Templar, Immortal  
  155  14:35  Dark Templar  
  157  14:38  Zealot x2  
  162  15:05  Zealot x3  
Show
View Real Time Build Order
Export as new Build Order

Denver Zerg 

Build Orders: Hatch First 

Get SALT Encoding   

  12  0:00  Drone  
  13  0:13  Overlord  
  13  0:17  Drone  
  14  0:32  Drone x2  
  16  0:50  Hatchery  
  16  0:52  Drone  
  16  0:56  Drone  
  17  1:00  Drone  
  18  1:10  Extractor  
  17  1:17  Spawning Pool  
  16  1:20  Drone  
  16  1:22  Drone  
  18  1:29  Drone  
  19  1:41  Drone  
  20  1:51  Drone  
  21  2:02  Overlord  
  21  2:03  Drone  
  21  2:04  Queen x2  
  26  2:12  Zergling x2  
  27  2:16  Metabolic Boost  
  27  2:19  Zergling x2  
  28  2:24  Drone x2  
  30  2:39  Hatchery  
  30  2:43  Drone  
  30  2:44  Drone  
  31  2:53  Drone x2  
  31  2:56  Overlord  
  31  2:57  Zergling x2  
  33  3:04  Spore Crawler  
  32  3:08  Zergling x4  
  35  3:14  Baneling Nest  
  35  3:17  Zergling x10  
  39  3:22  Zergling x2  
  39  3:25  Zergling x4  
  41  3:35  Zergling x4  
  43  3:43  Overlord  
  43  3:46  Zergling x2  
  44  3:54  Zergling x2  
  44  3:55  Zergling x10  
  47  3:58  Baneling x4  
  47  4:00  Baneling  
  47  4:01  Overlord  
  50  4:08  Zergling x4  
  49  4:16  Zergling x2  
  47  4:26  Zergling x2  
  47  4:27  Zergling x8  
  47  4:36  Drone x4  
  42  4:47  Zergling x8  
  45  4:54  Zergling x4  
  45  4:55  Zergling x2  
  45  4:58  Drone x2  
  46  5:05  Drone  
  46  5:06  Drone  
  45  5:14  Zergling x8  
  45  5:20  Zergling x8  
  53  5:29  Zergling x6  
  53  5:34  Spore Crawler  
  55  5:37  Spore Crawler  
  55  5:39  Zergling x8  
  58  5:51  Spore Crawler  
  58  5:53  Spore Crawler  
  58  5:54  Drone x3  
  59  5:58  Baneling x4  
  59  5:59  Overlord, Baneling x2  
  59  6:03  Overlord  
  59  6:06  Baneling x2  
  57  6:25  Zergling x20  
  59  6:34  Zergling x8  
  57  6:43  Zergling x10  
  60  6:51  Drone x4  
  61  7:00  Drone x3  
  58  7:02  Queen  
  58  7:05  Drone  
  58  7:06  Drone  
  61  7:11  Drone  
  60  7:21  Zergling x12  
  61  7:28  Drone  
  51  7:31  Queen x2  
  51  7:32  Evolution Chamber  
  51  7:36  Drone x3  
  57  7:41  Drone  
  57  7:42  Drone  
  59  7:44  Spore Crawler  
  59  7:46  Drone  
  59  7:47  Drone x2  
  59  7:49  Drone x2  
  63  7:53  Spore Crawler  
  63  7:57  Queen  
  64  8:00  Zerg Melee Weapons Level 1  
  60  8:06  Queen  
  60  8:07  Drone  
  60  8:12  Drone x4  
  66  8:14  Spore Crawler  
  65  8:20  Drone x2  
  63  8:28  Drone x3  
  63  8:29  Overlord  
  63  8:31  Overlord  
  65  8:36  Queen  
  65  8:37  Queen  
  65  8:38  Overlord  
  64  8:46  Zergling x4  
  64  8:47  Overlord  
  66  8:52  Lair  
  64  9:00  Drone  
  64  9:01  Drone x10  
  74  9:05  Extractor  
  74  9:06  Extractor, Zergling x2  
  73  9:11  Zergling x6  
  73  9:13  Zergling x2  
  73  9:14  Zergling x8  
  80  9:18  Baneling  
  80  9:19  Baneling  
  80  9:20  Queen  
  80  9:23  Zergling x8  
  86  9:27  Zergling x4  
  87  9:33  Queen, Zergling x2  
  83  9:43  Spore Crawler  
  83  9:44  Spore Crawler  
  81  9:46  Drone x4  
  85  9:57  Queen  
  85  10:00  Zergling x10  
  82  10:09  Queen  
  77  10:18  Zergling x2  
  77  10:19  Zergling x6  
  77  10:21  Hatchery  
  77  10:28  Zergling x4  
  78  10:33  Queen  
  74  10:38  Zergling x4  
  74  10:40  Hydralisk Den  
  71  10:44  Queen, Zergling x2  
  71  10:45  Zergling x4  
  71  10:47  Zergling x4  
  71  10:48  Hatchery  
  76  10:59  Hatchery, Zergling x4  
  75  11:09  Queen  
  74  11:12  Extractor  
  74  11:13  Extractor  
  74  11:16  Hydralisk  
  74  11:17  Hydralisk x4  
  82  11:23  Drone x4  
  82  11:25  Queen  
  82  11:33  Drone x2  
  82  11:39  Spore Crawler  
  83  11:46  Drone x7  
  89  11:47  Spore Crawler  
  87  11:55  Muscular Augments  
  87  11:56  Drone x3  
  86  12:03  Hydralisk x2  
  87  12:11  Hydralisk x2  
  87  12:14  Drone x3  
  87  12:15  Drone  
  94  12:20  Hydralisk x2  
  98  12:24  Drone x3  
  98  12:28  Drone x2  
  101  12:33  Zergling x6  
  101  12:34  Zergling x2  
  102  12:43  Centrifical Hooks  
  102  12:46  Overlord x2  
  102  12:50  Overlord  
  102  12:56  Baneling x6  
  102  13:05  Drone  
  102  13:06  Grooved Spines, Drone x3, Overlord  
  102  13:07  Hydralisk x4  
  102  13:08  Zergling x8  
  102  13:09  Zergling x2  
  102  13:11  Overlord  
  118  13:14  Zergling x6  
  118  13:16  Overseer  
  121  13:21  Zergling x8  
  121  13:22  Overlord  
  121  13:26  Overlord  
  122  13:30  Hydralisk x2  
  122  13:32  Overlord  
  122  13:33  Hydralisk  
  126  13:38  Hydralisk  
  126  13:39  Hydralisk  
  132  13:44  Zergling x2  
  132  13:45  Zergling x8  
  137  13:53  Drone x8  
  143  13:56  Zergling x2  
  143  13:57  Zergling x4  
  143  14:01  Hydralisk x2  
  148  14:07  Hydralisk x2  
  151  14:15  Hydralisk x3  
  156  14:23  Zergling x2  
  157  14:26  Baneling x12  
  157  14:28  Overlord x2  
  157  14:32  Overlord  
  157  14:37  Overlord  
  157  14:39  Overlord  
  157  14:45  Zergling x4  
  158  14:46  Overlord  
  158  14:47  Hydralisk x5  
  158  14:48  Zergling x4  
Tags
 
Add a new tag
Caveats
  • Supply blocks, unpowered buildings, or Contaminate may cause inaccurate times.
  • Supply counts are checked every 10 seconds.